 Dungeon Crawl Stone Soup version 0.30.1-9-gdf580d7c3d (webtiles) character file.

Game seed: 10252977565029829453

45 Ironcache the Cutter (level 3, -9/28 HPs)
             Began as a Human Wanderer on Oct 4, 2023.
             Killed from afar by Ijyb (15 damage)
             ... with a bolt of dispelling energy
             ... on level 3 of the Dungeon.
             The game lasted 00:07:34 (1654 turns).

Ironcache the Cutter (Human Wanderer)               Turns: 1654, Time: 00:07:35

Health: -9/28      AC:  2    Str: 10    XL:     3   Next: 90%
Magic:  5/5        EV: 10    Int: 17    God:
Gold:   104        SH:  4    Dex: 11    Spells: 3/5 levels left

rFire   . . .        a - +0 scimitar
rCold   . . .        g - +0 buckler
rNeg    . . .        d - +0 robe
rPois   .            (no helmet)
rElec   .            (no cloak)
rCorr   .            (no gloves)
SInv    .            (no boots)
Will    .....        (no amulet)
Stlth   +            (no ring)
HPRegen 0.24/turn    (no ring)
MPRegen 0.09/turn

%: no passive effects
@: no status effects
A: no striking features
a: no special abilities


You were on level 3 of the Dungeon.
You visited 1 branch of the dungeon, and saw 3 of its levels.

You collected 143 gold pieces.
You spent 39 gold pieces at shops.

Inventory:

Hand Weapons
 a - a +0 scimitar (weapon)
 b - a +2 dagger of electrocution
 i - a +2 short sword
 j - a +0 dagger of draining
Missiles
 h - 24 stones (quivered)
Armour
 d - a +0 robe (worn)
 g - a +0 buckler (worn)
Scrolls
 e - a scroll of identify
 k - a scroll of magic mapping
 n - a scroll of blinking {unknown}
 o - a scroll of noise {unknown}
 s - a scroll of enchant weapon {unknown}
Potions
 c - a potion of attraction
 f - a potion of mutation {unknown}
 l - a potion of berserk rage {unknown}
 m - 3 potions of degeneration {unknown}
 p - 2 potions of lignification {unknown}
 q - a potion of might {unknown}


   Skills:
 * Level 2.4 Fighting
 - Level 4.0 Short Blades
 - Level 1.0 Armour
 + Level 0.3 Stealth
 - Level 2.0 Shields
 + Level 1.6 Spellcasting
 + Level 1.8 Transmutations


You had 3 spell levels left.
You knew the following spells:

 Your Spells              Type           Power      Damage    Failure   Level
a - Wereblood             Tmut           7%         N/A       22%         2

Your spell library contained the following spells:

 Spells                   Type           Power      Damage    Failure   Level
 Passwall                 Tmut/Erth      3%         N/A       30%         2


Dungeon Overview and Level Annotations

Branches:
Dungeon (3/15)

Altars:

Shops:
D:3 !

Annotations:
D:3 3 runed translucent doors, Ijyb; jagang's ghost, amateur HOMo


Message History

You start resting.
Magic restored.
You start resting.
A goblin comes into view. It is wielding a +0 dagger of draining.
Found 19 gold pieces.
There is a stone staircase leading up here.
You climb upwards.
There is a stone staircase leading down here.
You start resting.
HP restored.
You climb downwards.
Level annotation: 3 runed translucent doors, jagang's ghost, amateur HOMo
There is a stone staircase leading up here.
You now have 93 gold pieces (gained 19).
A goblin is nearby!
The goblin shouts!
You hit the goblin.
You kill the goblin!
p - 2 grey potions (gained 1)
You now have 104 gold pieces (gained 11).
Things that are here:
a +0 dagger of draining; a goblin corpse
j - a +0 dagger of draining Ijyb the Twisted Goblin comes into view.
She is wielding a +0 club, wearing a +4 chain mail of fire resistance and carrying a wand of quicksilver (5).
Ijyb screams, "Me very upset!"
You slash Ijyb!
Ijyb is moderately wounded.
Ijyb hits you with a +0 club.
You barely miss Ijyb.
Ijyb is moderately wounded.
Ijyb hits you with a +0 club.
Ijyb zaps a wand.
The bolt of dispelling energy hits you!
Ouch! That really hurt!
* * * LOW HITPOINT WARNING * * *
Ijyb attacks as you move away! Ijyb barely misses you.
You hit Ijyb.
Ijyb is moderately wounded.
Ijyb zaps a wand.
The bolt of dispelling energy hits you!
Ouch! That really hurt!
You die...

#.........##.#.#......######## #
#.....#...##.#.#####..##########
#.#####...##....................
#.........###################...
########...# ........
..........####### ..##.#..#
.#######†.......#####...##....#
#........#......# ###..#
#......@g#......# #..#
#...............# #..#
#...............# #..#
#........#......# #..#
#........#......# #
#........#......# .#
#........#........ ..
.........#......## ..
...............# .$


You could see Ijyb.

Vanquished Creatures
  A worm (D:2)
  An orc (D:3)
  3 endoplasms
  4 giant cockroaches
  3 hobgoblins (D:1)
  4 jackals
  A kobold (D:1)
  3 quokkas (D:1)
  4 bats (D:2)
  6 goblins
  3 rats (D:1)
33 creatures vanquished.

Notes
Turn   | Place    | Note
-------+----------+-------------------------------------------
     0 | D:1      | Ironcache the Human Wanderer began the quest for the Orb.
     0 | D:1      | Ironcache set off with the following items: a +2 short
                  | sword, a +0 buckler, a potion of attraction, a +0 robe; and
                  | the following spells available to memorise: Wereblood,
                  | Passwall.
     0 | D:1      | Reached XP level 1. HP: 15/15 MP: 2/2
   124 | D:1      | Reached XP level 2. HP: 21/21 MP: 3/3
   133 | D:1      | Learned a level 2 spell: Wereblood
   630 | D:2      | Reached XP level 3. HP: 22/27 MP: 5/5
  1211 | D:3      | Found Topifigg's Distillery.
  1215 | D:3      | Bought a potion of curing for 39 gold pieces
  1298 | D:3      | Noticed jagang's ghost (amateur HOMo)
  1469 | D:3      | Found a runed translucent gate.
  1469 | D:3      | Found a runed translucent gate.
  1470 | D:3      | Found a runed translucent gate.
  1646 | D:3      | Noticed Ijyb
  1654 | D:3      | Killed from afar by Ijyb

Illustrated notes

Levels and vault maps discovered:
D:1:      minmay_arrival_three_doors, layout_rooms, dk_noncrumbling_3,
          serial_park_tiny_1
D:2:      layout_basic
D:3:      layout_basic, gammafunk_ghost_split,
          hellmonk_ecumenical_altar_crossroads, serial_shops, shop_fountains,
          uniq_ijyb

Skill      XL: |  1  2 |
---------------+-------+-----
Fighting       | 2 |  2.4
Short Blades   | |  4.0
Armour         | |  1.0
Stealth        | |  0.3
Shields        | |  2.0
Spellcasting   | |  1.6
Transmutations | |  1.8

Action                     || total
---------------------------++-------
  Melee: Short sword       ||    40
         Dagger            ||    76
         Scimitar          ||    16
   Cast: Wereblood         ||     1
    Use: Scroll            ||     2
         Potion            ||     1
   Stab: Sleeping          ||     1
 Armour: Robe              ||    26
  Dodge: Dodged            ||    70
  Block: Buckler           ||    29
